 Dungeon Crawl Stone Soup version 0.20.0-15-g7f486f2 (webtiles) character file.

378858 Mesmaeker13 the Devastator (level 22, -3/127 HPs)
             Began as a Gargoyle Conjurer on June 20, 2017.
             Was the Champion of Vehumet.
             Killed from afar by a spellforged servitor (32 damage)
             ... with an iron shot
             ... summoned by the player character
             ... on level 3 of the Depths.
             The game lasted 04:38:49 (66502 turns).

Mesmaeker13 the Devastator (Gargoyle Conjurer)     Turns: 66502, Time: 04:38:50

Health: -3/127     AC: 39    Str: 17    XL:     22   Next: 84%
Magic:  11/40      EV: 15    Int: 30    God:    Vehumet [******]
Gold:   2140       SH: 10    Dex:  9    Spells: 18/50 levels left

rFire    + + +     SeeInvis +   z - +9 double sword (slice)
rCold    + + .     Gourm    .   Q - +3 buckler of the Thirteen Planets {rC+ MR+ Int+4 Dex-2}
rNeg     + . .     Faith    .   F - +0 fire dragon scales
rPois    ∞         Spirit   .   k - +1 helmet of Pan-Flutes {rF+}
rElec    +         Reflect  +   L - +1 cloak {MR+}
rCorr    .         Harm     .   E - +2 pair of gloves
MR       +++..                  N - +0 pair of boots {run}
Stlth    +.........             s - +3 amulet of reflection
Regen    0.4/turn               Y - ring of Osho {rF+ rC+ Str+4 Slay+3 Stlth+}
MPRegen  0.3/turn               R - ring of Naumoq {rC+ SInv}

@: quick
A: big wings, repulsion field 1, clever 1, negative energy resistance 1,
electricity resistance, unbreathing, petrification resistance, rot immunity, AC
+16
}: 2/15 runes: barnacled, gossamer
a: Fly, Renounce Religion


You were on level 3 of the Depths.
You worshipped Vehumet.
Vehumet was exalted by your worship.
You were near starving.

You visited 8 branches of the dungeon, and saw 38 of its levels.
You also visited: Trove and Ossuary.

You collected 5540 gold pieces.
You spent 3400 gold pieces at shops.

Inventory:

Hand Weapons
 z - a +9 double sword of slicing (weapon)
Missiles
 g - 9 throwing nets (quivered)
Armour
 d - the +1 leather armour of Woaw {rCorr}
   (You bought it in a shop on level 2 of the Orcish Mines)

   It protects you from acid and corrosion.
 k - the +1 helmet of Pan-Flutes (worn) {rF+}
   (You acquired it on level 14 of the Dungeon)

   It protects you from fire.
 E - a +2 pair of gloves (worn)
 F - +0 fire dragon scales (worn)
 L - a +1 cloak of magic resistance (worn)
 N - a +0 pair of boots of running (worn)
 Q - the +3 buckler of the Thirteen Planets (worn) {rC+ MR+ Int+4 Dex-2}
   (You bought it in a shop on level 2 of the Orcish Mines)

   It affects your intelligence (+4).
   It affects your dexterity (-2).
   It protects you from cold.
   It affects your resistance to hostile enchantments.
Magical Staves
 P - an uncursed staff of energy
Jewellery
 p - an uncursed ring of ice {unknown}
 s - a +3 amulet of reflection (around neck)
 v - an uncursed ring of magical power
 y - an uncursed amulet of regeneration
 J - an uncursed ring of resist corrosion {unknown}
 R - the ring of Naumoq (right hand) {rC+ SInv}
   (You took it off an orc on level 8 of the Dungeon)

   [ring of see invisible]

   It protects you from cold.
   It lets you see invisible.
 U - the ring of Hihiff {Ice rN+ MR+ Str+5}
   (You took it off a deep elf sorcerer on level 3 of the Elven Halls)

   [ring of ice]

   It enhances your ice magic.
   It affects your strength (+5).
   It makes you vulnerable to fire.
   It protects you from cold.
   It protects you from negative energy.
   It affects your resistance to hostile enchantments.
 Y - the ring of Osho (left hand) {rF+ rC+ Str+4 Slay+3 Stlth+}
   (You bought it in a shop on level 2 of the Orcish Mines)

   [ring of strength]

   It affects your strength (+4).
   It affects your accuracy and damage with ranged weapons and melee attacks
   (+3).
   It protects you from fire.
   It protects you from cold.
   It makes you more stealthy.
Wands
 c - a wand of digging (2/24)
 f - a wand of digging (15/24)
Scrolls
 n - 4 scrolls of teleportation
 D - a scroll of blinking
 K - 4 scrolls of holy word
 M - 4 scrolls of recharging
 S - 4 scrolls of remove curse
Potions
 a - 5 potions of heal wounds
 b - 3 potions of ambrosia
 e - 7 potions of brilliance
 l - 4 potions of might
 m - 5 potions of cancellation
 r - 2 potions of resistance
 t - 3 potions of curing
 w - 2 potions of magic
 x - 3 potions of mutation
 G - 6 potions of agility
 H - 5 potions of haste
Comestibles
 h - 11 chunks of flesh
 i - 16 meat rations
 A - 6 bread rations


   Skills:
 - Level 10.0 Fighting
 - Level 10.1 Long Blades
 - Level 12.0 Armour
 - Level 10.4 Dodging
 - Level 2.1 Stealth
 - Level 5.0 Shields
 + Level 14.9 Spellcasting
 - Level 16.0 Conjurations
 - Level 9.0 Hexes
 + Level 14.8 Summonings
 - Level 8.0 Fire Magic
   Level 4.4 Air Magic
 - Level 15.1 Earth Magic
   Level 5.3 Poison Magic
 - Level 5.1 Evocations


You had 18 spell levels left.
You knew the following spells:

 Your Spells              Type           Power        Failure   Level  Hunger
a - Confuse               Hex            ######..     1%          3    None
b - Spellforged Servitor  Conj/Summ      #######...   2%          7    #####..
c - Blink                 Tloc           N/A          10%         2    None
e - Fulminant Prism       Conj/Hex       #######...   1%          4    None
f - Iskenderun's Mystic   Conj           #######.     1%          4    None
g - Iron Shot             Conj/Erth      #######...   1%          6    ###....
h - Bolt of Fire          Conj/Fire      #######...   1%          6    ###....


Dungeon Overview and Level Annotations

Branches:
Dungeon (15/15)            Temple (1/1) D:7            Lair (6/6) D:9
 Shoals (4/4) Lair:4       Spider (4/4) Lair:3        Slime (0/5) Lair:6
    Orc (2/2) D:12            Elf (3/3) Orc:2        Vaults (0/5) D:13
 Depths (3/5) D:15

Altars:
Ashenzari
Cheibriados
Dithmenos
Elyvilon
Fedhas
Gozag
Hepliaklqana
Kikubaaqudgha
Makhleb
Nemelex Xobeh
Okawaru
Qazlal
Ru
Sif Muna
Trog
Uskayaw
Vehumet
Xom
Yredelemnul
Zin
The Shining One
Beogh

Shops:
D:6 =?   D:9 [   D:10 [[%   Orc:2 [=([((*(=   Elf:1 %   Depths:1 !*

Portals:
Hell: Depths:1 Depths:2 Depths:3
Abyss: Depths:1
Pandemonium: Depths:3
Ziggurat: Depths:1


Innate Abilities, Weirdness & Mutations

You are resistant to torment.
Your stone body is resilient. (AC +16)
You are immune to poison.
Your large and strong wings let you fly indefinitely.
You resist negative energy. (rN+)
You are resistant to electric shocks. (rElec)
You can survive without breathing.
You are immune to petrification.
You are immune to rotting.
You are surrounded by a mild repulsion field. (EV +2)
Your mind is acute. (Int +2)


Message History

The iron shot hits the spriggan defender.
The spriggan defender dies!
Vehumet accepts your kill.
The spriggan air mage casts a spell at you.
The bolt of lightning misses you.
The stone giant throws a large rock.
The large rock hits you!!
You see here a large rock.
You feel much better.
You block the spriggan air mage's attack.
The stone giant throws a large rock.
The large rock hits you!!
* * * LOW HITPOINT WARNING * * *
Unknown command.
Evoke which item? (* to show all) (? for menu, Esc to quit)
Aiming: Dig
Press: ? - help, Shift-Dir - straight line The rock shatters into small pieces.
This wand has 2 charges left.
Your spellforged servitor casts a spell at the spriggan air mage.
The spriggan air mage deflects the iron shot!
The iron shot hits you!
You die...

.# #.# #.# #.# #.# ######.# ###
###### ##.##..#.##.### #### ##..
##...###........@i.)8###..#....#
.......(.(.#....##.C()...††.....
##....##.......#.#...##.(###...
#.#..#.#..)#.C.##....#...#
.##..##..)..........##...#
.........C...........i...(......
....#########################..#
#++##


You could see a fire giant, 2 stone giants, a spriggan air mage and a friendly
spellforged servitor.

Vanquished Creatures
  A juggernaut (Depths:2)
  Saint Roka (Depths:2)
  Jorgrun (Elf:3)
  A titan (Depths:1)
  Asterion (Elf:2)
  A lich (Depths:1)
  A deep elf master archer (Elf:3)
  A kraken (Shoals:1)
  A tengu reaver (Depths:2)
  A storm dragon (Depths:2)
  A shadow dragon (Depths:2)
  Kirke (Shoals:4)
  2 fire giants
  The ghost of theElss the Bludgeoner, an adept GrBe of Trog (Shoals:4)
  6 deep elf sorcerers (Elf:3)
  3 frost giants
  2 emperor scorpions
  5 orc warlords
  3 very ugly things
  8 ghost moths
  2 deep elf elementalists
  3 entropy weavers
  6 deep elf demonologists
  6 stone giants
  A vampire knight (Depths:2)
  6 deep elf annihilators
  A dire elephant (D:15)
  2 spark wasps
  2 deep elf death magi (Elf:3)
  2 merfolk javelineers
  An ettin (Depths:2)
  2 merfolk impalers
  3 fire dragons
  2 deep elf high priests (Elf:3)
  10 hydras
  2 rakshasas
  5 ice dragons
  3 yaktaur captains
  A vault guard (D:13)
  An alligator snapping turtle (Shoals:2)
  4 two-headed ogres
  A catoblepas (Lair:5)
  3 merfolk avatars (Shoals:4)
  4 merfolk aquamancers
  4 centaur warriors
  A deep troll shaman (Depths:2)
  2 satyrs (Shoals:2)
  A tengu warrior (D:14)
  10 dancing weapons
  3 deep troll earth magi
  2 spriggan berserkers (Depths:1)
  Urug (Lair:3)
  12 deep elf knights
  8 hell knights
  The ghost of feelmyfire the Destroyer, a novice DEFE of Vehumet (D:9)
  2 iron trolls
  4 deep trolls
  7 sea snakes
  An unseen horror (D:15)
  7 deep elf archers
  A harpy (shapeshifter) (Depths:1)
  A necromancer (Depths:2)
  7 harpies
  A lindwurm (Lair:6)
  2 orc sorcerers
  34 ugly things
  37 deep elf magi
  11 orb spiders
  A cyclops (Orc:2)
  A shining eye (Lair:6)
  4 orc knights
  An oklob plant (Shoals:2)
  A moth of wrath (Spider:1)
  21 wolf spiders
  A salamander (D:15)
  7 fauns
  The ghost of Hook the Insei, a novice OpTm (D:4)
  14 elephants
  5 merfolk sirens
  9 manticores
  3 water nymphs
  Psyche (D:12)
  3 black mambas
  6 torpor snails
  2 gargoyles
  8 spiny frogs
  6 rime drakes
  A komodo dragon (shapeshifter) (Depths:2)
  8 komodo dragons
  11 yaktaurs
  11 demonic crawlers
  A kobold demonologist (D:15)
  2 tengu conjurers
  2 meliai (Spider:4)
  7 trolls
  20 merfolk
  11 polar bears
  18 jumping spiders
  13 slime creatures
  8 blink frogs
  10 hornets
  4 tyrant leeches (Lair:6)
  2 raiju (Lair:6)
  A slime creature (shapeshifter) (Depths:1)
  Prince Ribbit (D:5)
  A wind drake (Shoals:4)
  7 dream sheep
  9 hippogriffs
  A meliai zombie (D:13)
  3 snapping turtles
  46 redbacks
  A shadow (D:13)
  A centaur simulacrum (D:15)
  Sigmund (D:2)
  Eustachio (D:5)
  A spriggan (shapeshifter) (D:15)
  7 water elementals
  23 tarantellas
  2 vampires
  3 wraiths
  4 wyverns
  A fire elemental (Elf:2)
  47 yaks
  8 basilisks
  17 wargs
  Grum (D:11)
  4 hungry ghosts
  10 water moccasins
  13 hell hounds (Lair:6)
  2 acid dragons
  7 porcupines
  3 ice beasts
  53 orc warriors
  14 black bears
  2 eyes of draining
  4 sky beasts
  2 black bears (shapeshifter)
  16 ogres
  2 boggarts (Depths:1)
  2 hornet zombies (D:11)
  2 necrophages
  4 phantoms
  29 wolves
  25 centaurs
  13 crocodiles
  A big kobold (D:11)
  Blork the orc (D:5)
  16 bullfrogs
  An earth elemental (Elf:2)
  A wyvern zombie (D:10)
  3 wyvern skeletons
  A water moccasin skeleton (D:8)
  6 killer bees
  5 scorpions
  5 wights (D:8)
  10 howler monkeys
  4 electric eels
  3 centaur zombies
  4 crimson imps
  3 bullfrog zombies
  Crazy Yiuf (D:4)
  8 jellies
  2 quasits
  7 hounds
  A bullfrog skeleton (D:11)
  5 centaur skeletons
  30 orc priests
  42 orc wizards
  5 iguanas
  Ijyb (D:5)
  Natasha (thrice) (D:4)
  8 worker ants
  5 hell rats (Lair:6)
  2 killer bee zombies (D:8)
  8 mummies (Ossuary)
  A hound zombie (D:5)
  3 worker ant zombies
  2 gnolls
  14 adders
  An adder (shapeshifter) (D:5)
  4 shadow imps
  6 oozes
  An adder skeleton (D:5)
  4 worms
  2 dart slugs (D:1)
  6 leopard geckos
  138 orcs
  2 ball pythons
  5 bats
  9 giant cockroaches
  3 gnoll zombies (Ossuary)
  6 hobgoblins
  5 jackals
  27 kobolds
  5 quokkas
  2 ball python zombies (D:5)
  4 frilled lizards
  7 goblins
  2 hobgoblin zombies (Ossuary)
  A kobold zombie (Ossuary)
  A leopard gecko zombie (D:5)
  2 orc zombies (Ossuary)
  16 rats
  2 crawling corpses (Elf:3)
  A fulminant prism (D:11)
  2 fungi (Lair:1)
  4 plants
  4 tentacles
1377 creatures vanquished.

Vanquished Creatures (collateral kills)
  A juggernaut (Depths:2)
  A caustic shrike (Depths:2)
  Nikola (Elf:3)
  A tentacled monstrosity (Depths:3)
  A lich (Depths:1)
  2 deep elf master archers (Elf:3)
  2 deep elf blademasters (Elf:3)
  A titan (Depths:3)
  2 krakens
  3 tengu reavers (Depths:2)
  A storm dragon (Depths:3)
  2 shadow dragons (Depths:2)
  Donald (Shoals:1)
  A fire giant (Depths:2)
  4 deep elf sorcerers
  2 iron dragons (Depths:2)
  Louise (Depths:1)
  4 deep elf elementalists (Elf:3)
  3 emperor scorpions (Spider:4)
  2 very ugly things (Depths:2)
  2 entropy weavers
  5 stone giants
  A spriggan defender (Depths:3)
  2 deep elf demonologists (Elf:3)
  3 deep elf annihilators (Elf:3)
  3 deep elf death magi
  3 spark wasps
  An ettin (Depths:1)
  2 fire dragons (Depths:1)
  2 merfolk javelineers
  2 great orbs of eyes
  2 ogre magi
  5 deep elf high priests
  A yaktaur captain (Depths:3)
  5 merfolk impalers
  2 rakshasas
  A spriggan air mage (Depths:2)
  2 ice dragons
  3 deep troll shamans
  2 tengu warriors
  An alligator snapping turtle (Shoals:2)
  5 merfolk aquamancers (Shoals:4)
  A satyr (Shoals:4)
  5 two-headed ogres
  4 merfolk avatars
  15 dancing weapons
  A centaur warrior (D:15)
  A vampire mage (Depths:2)
  2 deep troll earth magi
  13 deep elf knights
  3 hell knights (Depths:1)
  5 iron trolls (Depths:1)
  A flayed ghost (Depths:1)
  A small abomination (Elf:3)
  8 sea snakes
  6 deep trolls
  9 deep elf archers
  An orc knight (D:15)
  23 wolf spiders
  8 harpies
  19 ugly things
  12 orb spiders
  6 fauns
  8 manticores (Shoals:4)
  5 merfolk sirens
  A cyclops (Shoals:4)
  30 deep elf magi
  2 orc sorcerers
  A moth of wrath (Spider:4)
  A water nymph (Shoals:2)
  2 torpor snails
  A gargoyle (D:15)
  A komodo dragon (shapeshifter) (D:15)
  6 yaktaurs
  10 demonic crawlers
  A tengu conjurer (Depths:1)
  A queen bee (Spider:4)
  2 wind drakes
  14 merfolk
  A hornet (shapeshifter) (Elf:1)
  16 jumping spiders
  A meliai (Spider:4)
  A blink frog (shapeshifter) (Elf:2)
  A dream sheep (Shoals:4)
  A hornet (Spider:4)
  3 slime creatures
  3 snapping turtles
  A hippogriff (D:15)
  26 redbacks
  14 tarantellas
  2 air elementals
  11 water elementals
  A basilisk (D:15)
  3 fire elementals (Elf:2)
  2 hogs (Shoals:4)
  3 orc warriors
  An ogre (Depths:2)
  2 boggarts (Depths:1)
  2 centaurs
  8 killer bees (Spider:4)
  3 orc priests (D:15)
  A worker ant (D:15)
  3 fulminant prisms
  A plant (Shoals:2)
  4 tentacles
436 creatures vanquished.

Vanquished Creatures (others)
  Ilsuiw (Shoals:4)
  A deep elf annihilator (Elf:3)
  A merfolk javelineer (Shoals:4)
  A faun (Shoals:1)
  2 humans (Shoals:4)
  A water moccasin (Lair:6)
  A centaur (D:15)
  A big kobold (D:7)
  An orc wizard (D:5)
  An adder zombie (D:5)
  A quokka (D:5)
  222 fulminant prisms
  21 fungi
  66 plants
  22 tentacles
343 creatures vanquished.

Grand Total: 2156 creatures vanquished

Notes
Turn   | Place    | Note
-------+----------+-------------------------------------------
     0 | D:1      | Mesmaeker13 the Gargoyle Conjurer began the quest for the Orb.
     0 | D:1      | Reached XP level 1. HP: 10/10 MP: 3/3
   336 | D:1      | Reached XP level 2. HP: 1/15 MP: 0/5
   948 | D:1      | Reached XP level 3. HP: 16/19 MP: 2/6
  1047 | D:1      | Reached skill level 5 in Conjurations
  1107 | D:1      | Learned a level 2 spell: Searing Ray
  1459 | D:1      | Reached XP level 4. HP: 24/24 MP: 2/7
  1755 | D:2      | Found a faded altar of an unknown god.
  2068 | D:2      | Noticed Sigmund
  2129 | D:3      | Learned a level 3 spell: Dazzling Spray
  2293 | D:3      | Reached XP level 5. HP: 28/28 MP: 5/9
  2517 | D:3      | Reached skill level 1 in Hexes
  3124 | D:4      | Noticed Natasha
  3131 | D:4      | Killed Natasha
  3131 | D:4      | Reached XP level 6. HP: 32/32 MP: 5/10
  3212 | D:4      | Noticed Natasha
  3217 | D:4      | Killed Natasha
  3290 | D:4      | Noticed Hook's ghost (novice OpTm)
  3298 | D:4      | Found a shimmering altar of Xom.
  3325 | D:4      | Killed Hook's ghost
  3325 | D:4      | Reached skill level 6 in Conjurations
  3325 | D:4      | Reached XP level 7. HP: 20/36 MP: 1/13
  3705 | D:4      | Got a bloodstained scale mail
  3791 | D:4      | Found a runed door.
  4160 | D:4      | Found a glowing silver altar of Zin.
  4160 | D:4      | Noticed Natasha
  4168 | D:4      | Killed Natasha
  4254 | D:4      | Noticed Crazy Yiuf
  4258 | D:4      | Killed Crazy Yiuf
  4378 | D:2      | Learned a level 3 spell: Mephitic Cloud
  4491 | D:2      | Identified the cursed +0 scale mail of the Five of Wands {rN+ Str+3 Dex+4} (You found it on level 4 of the Dungeon)
  4519 | D:2      | Killed Sigmund
  4519 | D:2      | Reached skill level 7 in Conjurations
  4519 | D:2      | Reached XP level 8. HP: 41/41 MP: 12/14
  4944 | D:5      | Entered Level 5 of the Dungeon
  4963 | D:5      | Reached skill level 1 in Air Magic
  4982 | D:5      | Found a white marble altar of Elyvilon.
  5044 | D:5      | Noticed Ijyb
  5047 | D:5      | Reached skill level 1 in Poison Magic
  5117 | D:5      | Killed Ijyb
  5161 | D:5      | Noticed Blork the orc
  5168 | D:5      | Killed Blork the orc
  5168 | D:5      | Reached skill level 1 in Armour
  5402 | D:5      | Noticed Prince Ribbit
  5522 | D:5      | Noticed Eustachio
  5551 | D:5      | Killed Eustachio
  5921 | D:5      | Killed Prince Ribbit
  6140 | D:6      | Reached XP level 9. HP: 39/45 MP: 11/15
  6198 | D:6      | Found Zoafeuz's Magic Scroll Boutique.
  6216 | D:6      | Bought a scroll of identify for 26 gold pieces
  6216 | D:6      | Bought a scroll of identify for 26 gold pieces
  6333 | D:6      | Found Tunny's Jewellery Emporium.
  6354 | D:6      | Found a sand-covered staircase.
  6387 | Ossuary  | Entered an ossuary
  6744 | D:6      | Learned a level 4 spell: Fulminant Prism
  6955 | D:6      | Bought an uncursed ring of magical power for 240 gold pieces
  7041 | D:7      | Found a staircase to the Ecumenical Temple.
  7047 | Temple   | Entered the Ecumenical Temple
  7135 | Temple   | Became a worshipper of Vehumet
  7277 | D:7      | Reached skill level 5 in Hexes
  7419 | D:7      | Reached skill level 5 in Armour
  8075 | D:8      | Reached * piety under Vehumet
  8075 | D:8      | Offered knowledge of Sting by Vehumet.
  8497 | D:8      | Found a hazy altar of Hepliaklqana.
  8500 | D:8      | Reached XP level 10. HP: 49/50 MP: 16/16
  8505 | D:8      | Reached skill level 5 in Poison Magic
  9398 | D:8      | Offered knowledge of Throw Flame by Vehumet.
  9398 | D:8      | Reached ** piety under Vehumet
  9501 | D:8      | Got a serpentine golden ring
  9718 | D:9      | Found a staircase to the Lair.
  9743 | D:9      | Noticed a two-headed ogre
  9758 | D:8      | Identified the ring of Naumoq {rC+ SInv} (You took it off an orc on level 8 of the Dungeon)
  9804 | D:9      | Noticed feelmyfire's ghost (novice DEFE)
  9992 | D:9      | Reached skill level 5 in Spellcasting
 10151 | D:10     | Entered Level 10 of the Dungeon
 10597 | D:10     | Found Yczeyrph's Food Shop.
 10854 | D:10     | Reached skill level 8 in Conjurations
 10894 | D:10     | Offered knowledge of Ignite Poison by Vehumet.
 10906 | D:10     | Learned a level 4 spell: Iskenderun's Mystic Blast
 11089 | D:10     | Reached *** piety under Vehumet
 11089 | D:10     | Reached XP level 11. HP: 54/54 MP: 11/19
 11425 | D:10     | Found Kodics's Antique Armour Shop.
 11432 | D:10     | Found Hacusser's Antique Armour Shoppe.
 11812 | D:9      | Found Kamighys's Armour Shop.
 11821 | D:9      | Bought a +0 pair of boots of running for 472 gold pieces
 11838 | D:9      | Found a snail-covered altar of Cheibriados.
 11925 | D:9      | Found a shattered altar of Ashenzari.
 12033 | D:9      | Killed a two-headed ogre
 12048 | Lair:1   | Entered Level 1 of the Lair of Beasts
 12259 | Lair:1   | Offered knowledge of Airstrike by Vehumet.
 12259 | Lair:1   | Reached skill level 1 in Fighting
 12286 | Lair:1   | Reached skill level 9 in Conjurations
 12688 | Lair:1   | Noticed a six-headed hydra
 12697 | Lair:1   | Killed a six-headed hydra
 13928 | Lair:2   | Reached XP level 12. HP: 66/66 MP: 21/23
 14103 | Lair:1   | Reached skill level 1 in Shields
 14129 | Lair:1   | Learned a level 3 spell: Confuse
 14264 | Lair:3   | Noticed Urug
 14272 | Lair:3   | Reached **** piety under Vehumet
 14279 | Lair:3   | Killed Urug
 14279 | Lair:3   | Reached skill level 10 in Conjurations
 14294 | Lair:3   | Got an ichor-stained hand axe
 14295 | Lair:3   | Identified the +7 hand axe "Xyinet" {distort, *Drain rElec Dex+4} (You found it on level 3 of the Lair of Beasts)
 14514 | Lair:3   | Found a hole to the Spider Nest.
 14526 | Lair:3   | Reached skill level 5 in Fighting
 15549 | Lair:3   | Noticed a four-headed hydra
 15554 | Lair:3   | Killed a four-headed hydra
 15638 | D:9      | Killed feelmyfire's ghost
 16223 | D:11     | Noticed an eight-headed hydra
 16258 | D:10     | Killed an eight-headed hydra
 16265 | D:10     | Offered knowledge of Bolt of Magma by Vehumet.
 16576 | D:11     | Found a basalt altar of Yredelemnul.
 16601 | D:11     | Noticed Grum
 16608 | D:11     | Killed Grum
 17088 | D:11     | Noticed a two-headed ogre
 17099 | D:11     | Killed a two-headed ogre
 17126 | D:11     | Reached skill level 5 in Shields
 17419 | D:12     | Noticed Psyche
 17429 | D:12     | Killed Psyche
 17429 | D:12     | Reached skill level 11 in Conjurations
 17485 | D:12     | Reached ***** piety under Vehumet
 17964 | Lair:4   | Noticed a four-headed hydra
 17972 | Lair:4   | Killed a four-headed hydra
 17972 | Lair:4   | Reached XP level 13. HP: 60/76 MP: 18/26
 18073 | Lair:4   | Found a staircase to the Shoals.
 18483 | Lair:4   | Offered knowledge of Freezing Cloud by Vehumet.
 19668 | Lair:6   | Entered Level 6 of the Lair of Beasts
 19684 | Lair:5   | Reached skill level 12 in Conjurations
 19770 | Lair:5   | Reached skill level 10 in Spellcasting
 20730 | Lair:6   | Found a staircase to the Slime Pits.
 21247 | Lair:6   | Gained mutation: Your large and strong wings let you fly indefinitely. [Gargoyle growth]
 21247 | Lair:6   | Reached XP level 14. HP: 84/84 MP: 28/28
 21357 | Lair:6   | Offered knowledge of Ozocubu's Refrigeration by Vehumet.
 21363 | Lair:6   | Reached skill level 10 in Armour
 21818 | Lair:6   | Reached skill level 13 in Conjurations
 22560 | Lair:6   | Reached skill level 5 in Dodging
 23369 | Lair:6   | Found a runed door.
 24426 | Lair:6   | Gained mutation: Your body sometimes deteriorates upon taking damage. [a shining eye]
 25090 | D:12     | Reached skill level 14 in Conjurations
 25094 | D:12     | Found a staircase to the Orcish Mines.
 25484 | D:12     | Offered knowledge of Conjure Ball Lightning by Vehumet.
 25776 | D:12     | Got a clouded bone ring
 25865 | Orc:1    | Entered Level 1 of the Orcish Mines
 25889 | Orc:1    | Reached XP level 15. HP: 88/88 MP: 22/30
 26194 | Orc:2    | Entered Level 2 of the Orcish Mines
 26194 | Orc:2    | Found Asumaqi's General Store.
 26194 | Orc:2    | Found Dunwysot's Weapon Boutique.
 26275 | Orc:2    | Learned a level 6 spell: Iron Shot
 26414 | Orc:2    | Found a roughly hewn altar of Beogh.
 26642 | Orc:2    | Found Wifao's Antique Weapon Shop.
 26852 | Orc:2    | Found a roughly hewn altar of Beogh.
 26855 | Orc:2    | Reached skill level 1 in Earth Magic
 26895 | Orc:2    | Found Puoseops's Jewellery Emporium.
 27013 | Orc:2    | Found a staircase to the Elven Halls.
 27020 | Orc:2    | Found Buba's Weapon Emporium.
 27084 | Orc:2    | Found a roughly hewn altar of Beogh.
 27100 | Orc:2    | Found Mugriuce's Armour Shop.
 27108 | Orc:2    | Bought the +3 buckler of the Thirteen Planets {rC+ MR+ Int+4 Dex-2} for 606 gold pieces
 27123 | Orc:2    | Identified the ring of Giafrac {rC+ MR+ Dex+2} (You took it off an orc on level 12 of the Dungeon)
 27292 | Orc:2    | Offered knowledge of Bolt of Draining by Vehumet.
 27328 | Orc:2    | Noticed an orc warlord
 27355 | Orc:2    | Killed an orc warlord
 27626 | Orc:2    | Noticed an orc warlord
 27718 | Orc:1    | Killed an orc warlord
 28255 | Orc:2    | Noticed an orc warlord
 28274 | Orc:2    | Reached skill level 5 in Earth Magic
 28275 | Orc:2    | Killed an orc warlord
 28691 | Orc:2    | Got a scorched platinum amulet
 28779 | Orc:2    | Noticed an orc warlord
 29075 | Orc:2    | Found Naelyup's Antique Weapon Emporium.
 29078 | Orc:2    | Found Liskaill's Antique Armour Shoppe.
 29079 | Orc:2    | Found a roughly hewn altar of Beogh.
 29089 | Orc:2    | Bought a shimmering leather armour for 217 gold pieces
 29105 | Orc:2    | Identified the +1 leather armour of Woaw {rCorr} (You bought it in a shop on level 2 of the Orcish Mines)
 29154 | Orc:2    | Found a roughly hewn altar of Beogh.
 29162 | Orc:2    | Reached ****** piety under Vehumet
 29183 | Orc:2    | Found Rutwow's Jewellery Boutique.
 29189 | Orc:2    | Bought the ring of Osho {rF+ rC+ Str+4 Slay+3 Stlth+} for 1014 gold pieces
 29194 | Orc:2    | Identified the amulet of Sengicen {Harm *Drain +Blink rN+ Int-2} (You found it on level 2 of the Orcish Mines)
 29256 | Orc:2    | Found a roughly hewn altar of Beogh.
 29266 | Orc:2    | Noticed an orc warlord
 29281 | Orc:2    | Offered knowledge of Spellforged Servitor by Vehumet.
 29284 | Orc:2    | Killed an orc warlord
 29318 | Orc:2    | Noticed an orc warlord
 29823 | Orc:1    | Killed an orc warlord
 31021 | D:13     | Found a gate to the Vaults.
 31557 | D:14     | Learned a level 7 spell: Spellforged Servitor
 31582 | D:14     | Reached skill level 1 in Summonings
 31718 | D:14     | Reached skill level 10 in Earth Magic
 32397 | D:14     | Found a portal to a secret trove of treasure.
 32441 | D:14     | Offered knowledge of Bolt of Fire by Vehumet.
 33128 | D:14     | You paid a toll of +3 storm dragon scales to enter a treasure trove
 33129 | Trove    | Entered a treasure trove
 33172 | Trove    | Identified 3 scrolls of acquirement
 33219 | D:14     | Got a warped helmet
 33230 | D:14     | Identified the +1 helmet of Pan-Flutes {rF+} (You acquired it on level 14 of the Dungeon)
 33546 | D:15     | Entered Level 15 of the Dungeon
 33918 | D:15     | Reached XP level 16. HP: 80/93 MP: 28/32
 33954 | D:15     | Found a shimmering altar of Xom.
 34024 | D:15     | Found a staircase to the Depths.
 34047 | D:15     | Reached skill level 5 in Summonings
 34784 | Spider:1 | Entered Level 1 of the Spider Nest
 35257 | Lair:3   | Learned a level 6 spell: Bolt of Fire
 35381 | Spider:1 | Reached skill level 1 in Fire Magic
 36107 | Spider:1 | Got an ichor-stained quarterstaff
 36667 | Spider:2 | Offered knowledge of Orb of Destruction by Vehumet.
 37467 | Spider:1 | Reached skill level 5 in Fire Magic
 37568 | Spider:1 | Identified the +5 quarterstaff "Bosmozar" {protect, rC++ Str-4 Dex+8 Stlth+} (You found it on level 1 of the Spider Nest)
 38373 | Spider:2 | Found a transporter.
 38398 | Spider:2 | Found a transporter.
 38515 | Spider:2 | Got a smelly crystal plate armour
 38545 | Spider:2 | You are sucked into a shaft!
 39292 | Spider:2 | Gained mutation: You are robust. (+10% HP) [mutagenic glow]
 39319 | Spider:2 | Gained mutation: You expend magic power (3 MP) to strengthen your wands. [mutagenic glow]
 39346 | Spider:2 | Got a slimy bronze ring
 39353 | Spider:2 | Got an ancient turquoise ring
 39358 | Spider:2 | Identified the ring of Faahosax {*Drain MR++ Int+4 Dex+4 Stlth-} (You found it on level 2 of the Spider Nest)
 39360 | Spider:2 | Identified the ring "Xiumul Poi" {EV+4 Str+5} (You found it on level 2 of the Spider Nest)
 39373 | Spider:2 | Gained mutation: Armour fits poorly on your strangely shaped body. [mutagenic glow]
 39375 | Spider:2 | Identified the +0 crystal plate armour "Geufoyllu" {Str+5 Dex+3 SInv} (You acquired it on level 2 of the Spider Nest)
 39734 | Spider:3 | Lost mutation: You are robust. (+10% HP) [potion of mutation]
 39734 | Spider:3 | Lost mutation: Armour fits poorly on your strangely shaped body. [potion of mutation]
 39734 | Spider:3 | Lost mutation: You expend magic power (3 MP) to strengthen your wands. [potion of mutation]
 39734 | Spider:3 | Lost mutation: Your body sometimes deteriorates upon taking damage. [potion of mutation]
 39734 | Spider:3 | Gained mutation: Your mind is acute. (Int +2) [potion of mutation]
 39734 | Spider:3 | Gained mutation: You evolve. [potion of mutation]
 40515 | Spider:4 | Entered Level 4 of the Spider Nest
 40519 | Spider:4 | Offered knowledge of Fire Storm by Vehumet.
 40519 | Spider:4 | Offered knowledge of Chain Lightning by Vehumet.
 40519 | Spider:4 | Offered knowledge of Ignition by Vehumet.
 40519 | Spider:4 | Reached XP level 17. HP: 97/97 MP: 24/33
 41174 | Spider:3 | Reached skill level 10 in Summonings
 43530 | Spider:4 | Reached skill level 1 in Long Blades
 44038 | Spider:3 | Reached skill level 10 in Fighting
 45875 | Spider:4 | Got a gossamer rune of Zot
 45909 | Spider:4 | Reached XP level 18. HP: 107/107 MP: 34/34
 46390 | Lair:3   | Reached skill level 5 in Long Blades
 46456 | Shoals:1 | Entered Level 1 of the Shoals
 46640 | Shoals:1 | Noticed Donald
 46644 | Shoals:1 | Killed Donald
 46644 | Shoals:1 | Reached skill level 15 in Conjurations
 46930 | Shoals:1 | Reached XP level 19. HP: 112/112 MP: 27/35
 47518 | Shoals:2 | Reached skill level 1 in Evocations
 47746 | Shoals:2 | Found an iron altar of Okawaru.
 49390 | Shoals:4 | Entered Level 4 of the Shoals
 49406 | Shoals:4 | Noticed Kirke
 49419 | Shoals:4 | Killed Kirke
 49584 | Shoals:4 | Noticed Ilsuiw
 49595 | Shoals:4 | Killed Ilsuiw
 51201 | Shoals:4 | Noticed theElss's ghost (adept GrBe)
 51211 | Shoals:4 | Gained mutation: You are surrounded by a mild repulsion field. (EV +2) [evolution]
 51211 | Shoals:4 | Lost mutation: You evolve. [end of evolution]
 51420 | Shoals:4 | Killed theElss's ghost
 51420 | Shoals:4 | Reached skill level 16 in Conjurations
 51649 | Shoals:4 | Got a barnacled rune of Zot
 52149 | Elf:1    | Entered Level 1 of the Elven Halls
 52179 | Elf:1    | Reached skill level 5 in Evocations
 52360 | Elf:1    | Reached XP level 20. HP: 72/117 MP: 36/36
 52452 | Elf:1    | Found Uryabror's Food Shoppe.
 53735 | Elf:2    | Found a huge runed gate.
 53735 | Elf:2    | Found a huge runed gate.
 53739 | Elf:2    | Found a huge runed gate.
 53739 | Elf:2    | Found a huge runed gate.
 53739 | Elf:2    | Found a huge runed gate.
 53873 | Elf:2    | Noticed Asterion
 54177 | Elf:2    | Killed Asterion
 55198 | Elf:3    | Entered Level 3 of the Elven Halls
 55306 | Elf:3    | Noticed Jorgrun
 55311 | Elf:3    | Killed Jorgrun
 56126 | Elf:3    | Noticed Nikola
 56132 | Elf:3    | Killed Nikola
 56132 | Elf:3    | Reached skill level 10 in Long Blades
 56356 | Elf:3    | Got a warped trident {vamp}
 56961 | Elf:3    | Reached XP level 21. HP: 122/122 MP: 29/37
 57537 | Elf:3    | Got a slimy mace {crush}
 57706 | Elf:3    | Got a transparent marble ring
 57707 | Elf:3    | Got an encrusted great mace {crush}
 57976 | Elf:3    | Got a heavily runed copper ring
 58007 | Elf:3    | Got a heavy robe
 58021 | Elf:3    | Identified the cursed +0 robe of Inquiry {rC++ Dex+4 Stlth+} (You took it off a deep elf master archer on level 3 of the Elven Halls)
 58060 | Elf:3    | Reached skill level 10 in Dodging
 58062 | Elf:3    | Got an ichor-stained flail {drain}
 58065 | Elf:3    | Identified the +5 flail of Ojiuss Koyh {drain, Int+3} (You took it off a deep elf sorcerer on level 3 of the Elven Halls)
 58067 | Elf:3    | Identified the cursed +3 mace "Buqagar" {crush, rPois rC+ rN+ Dex+4} (You took it off a deep elf sorcerer on level 3 of the Elven Halls)
 58096 | Elf:3    | Got a smoking steel ring
 58301 | Elf:3    | Identified the Handbook of the Escort and the Compass
 58303 | Elf:3    | Identified the Incunabulum of Arcane Weapons
 58328 | Elf:3    | Identified Sif Muna's Collected Works on Clay and Enchantment
 58831 | D:6      | Bought a scroll of acquirement for 676 gold pieces
 58837 | D:6      | Bought a scroll of summoning for 123 gold pieces
 59105 | Depths:1 | Entered Level 1 of the Depths
 59240 | Depths:1 | Noticed Louise
 59247 | Depths:1 | Killed Louise
 59250 | Depths:1 | Found a one-way gate to the infinite horrors of the Abyss.
 59725 | Depths:1 | Found Sogedwis's Island Escapes.
 60194 | Depths:1 | Found a gateway to Hell.
 60291 | Depths:1 | Identified the Grimoire of Obsession
 60454 | Depths:1 | Found a gateway to a ziggurat.
 60485 | Depths:1 | Reached skill level 15 in Earth Magic
 60620 | Depths:1 | Found Vustronti's Distillery.
 60928 | Depths:2 | Identified the ring of Nabaf {+Fly MR- MP+9 Int+4} (You took it off a deep elf demonologist on level 3 of the Elven Halls)
 61017 | Depths:2 | Noticed a juggernaut
 62404 | Depths:1 | Reached XP level 22. HP: 95/127 MP: 17/39
 62744 | Depths:2 | Noticed a caustic shrike
 62881 | Depths:2 | Killed a caustic shrike
 62882 | Depths:2 | Noticed a juggernaut
 63217 | Depths:2 | Killed a juggernaut
 63702 | Depths:2 | Noticed Saint Roka
 63714 | Depths:2 | Killed Saint Roka
 64021 | Depths:2 | Killed a juggernaut
 64195 | Depths:2 | Identified the ring "Homaskeh" {Fire +Inv rElec Int-3 Dex+2} (You took it off a deep elf master archer on level 3 of the Elven Halls)
 65761 | Lair:1   | Learned a level 2 spell: Blink
 66061 | Depths:3 | Identified the ring of Hihiff {Ice rN+ MR+ Str+5} (You took it off a deep elf sorcerer on level 3 of the Elven Halls)
 66417 | Depths:3 | Found a one-way gate leading to the halls of Pandemonium.
 66502 | Depths:3 | Killed from afar by a spellforged servitor

Skill      XL: |  1  2  3  4  5  6  7  8  9 10 11 12 13 14 15 16 17 18 19 20 21 22 |
---------------+-------------------------------------------------------------------+-----
Conjurations   | 5 6 7 8 9 11 12 14 15 16 | 16.0
Dodging        | 2 3 4 6 7 9 10 | 10.4
Spellcasting   | 3 4 5 7 9 10 11 12 13 14 | 14.9
Hexes          | 1 2 3 4 5 7 8 9 |  9.0
Air Magic      | 2 4 |  4.4
Poison Magic   | 3 4 5 |  5.3
Armour         | 3 5 7 8 9 10 11 12 | 12.0
Fighting       | 4 7 8 10 | 10.0
Shields        | 5 |  5.0
Earth Magic    | 11 13 15 | 15.1
Summonings     | 3 9 11 12 13 14 | 14.8
Fire Magic     | 6 7 8 |  8.0
Long Blades    | 4 5 7 10 | 10.1
Evocations     | 5 |  5.1
Stealth        | |  2.1

Action                   |  1- 3 |  4- 6 |  7- 9 | 10-12 | 13-15 | 16-18 | 19-21 | 22-24 || total
-------------------------+-------+-------+-------+-------+-------+-------+-------+-------++-------
Melee: Unarmed           |    34 |       |       |       |       |       |       |       ||    34
       Dagger            |    36 |    54 |     9 |       |   255 |    60 |       |       ||   414
       Quarterstaff      |       |       |   272 |   110 |       |    28 |       |       ||   410
       Staff             |       |       |       |   108 |   384 |   184 |     4 |       ||   680
       Double sword      |       |       |       |       |       |   122 |   629 |   196 ||   947
Throw: Tomahawk          |       |     2 |       |       |       |       |       |       ||     2
       Throwing net      |       |     1 |     1 |       |       |       |       |       ||     2
       Javelin           |       |       |       |     2 |     4 |       |       |       ||     6
 Cast: Magic Dart        |    46 |    38 |    19 |    22 |       |       |       |       ||   125
       Searing Ray       |     2 |    11 |    40 |   130 |   141 |       |       |       ||   324
       Dazzling Spray    |       |     1 |     4 |     8 |    31 |       |       |       ||    44
       Mephitic Cloud    |       |       |     3 |     4 |     7 |     1 |       |       ||    15
       Fulminant Prism   |       |       |     3 |    40 |   131 |    26 |    25 |     2 ||   227
       Iskenderun's Myst |       |       |       |    56 |   241 |    88 |    10 |     6 ||   401
       Confuse           |       |       |       |     5 |    75 |     2 |       |       ||    82
       Iron Shot         |       |       |       |       |    82 |    65 |    92 |    40 ||   279
       Spellforged Servi |       |       |       |       |     1 |    71 |   138 |    31 ||   241
       Bolt of Fire      |       |       |       |       |       |   105 |   154 |    20 ||   279
       Blink             |       |       |       |       |       |       |       |     3 ||     3
 Abil: Fly               |       |       |       |       |       |     1 |     1 |       ||     2
       Stop Flying       |       |       |       |       |       |       |     2 |       ||     2
Evoke: Wand              |       |       |     6 |    12 |     9 |    10 |     1 |     3 ||    41
       Sack of spiders   |       |       |       |       |     1 |       |       |       ||     1
       Lightning rod     |       |       |       |       |       |       |     1 |       ||     1
  Use: Scroll            |     1 |     3 |    15 |    13 |    15 |    28 |    16 |     6 ||    97
       Potion            |       |     1 |     2 |     3 |     1 |    23 |     7 |     3 ||    40
 Stab: Sleeping          |       |       |     5 |     3 |       |       |       |       ||     8
       Distracted        |       |       |     1 |       |       |     2 |    12 |     7 ||    22
       Invisible         |       |       |     1 |     1 |     3 |     3 |       |       ||     8
       Petrifying        |       |       |     1 |       |       |       |       |       ||     1
       Confused          |       |       |     1 |       |    17 |       |       |       ||    18
       Petrified         |       |       |       |     3 |       |       |       |       ||     3
       Paralysed         |       |       |       |     1 |       |       |       |       ||     1
  Eat: Chunk             |     2 |     7 |    14 |    29 |    62 |    18 |    84 |    17 ||   233
       Bread ration      |       |       |     1 |     2 |     2 |     4 |       |       ||     9
       Fruit             |       |       |       |     2 |     2 |     3 |     8 |       ||    15
       Royal jelly       |       |       |       |       |     1 |     2 |       |       ||     3
       Meat ration       |       |       |       |       |       |     4 |     7 |     2 ||    13
Armor: Robe              |    18 |    17 |   149 |   134 |       |       |       |       ||   318
       Skin              |       |       |     2 |       |       |       |       |       ||     2
       Leather armour    |       |       |       |    20 |   400 |   757 |   316 |    17 ||  1510
       Fire dragon scale |       |       |       |       |       |       |   110 |   109 ||   219
Dodge: Dodged            |    57 |    23 |   281 |   304 |   552 |   812 |   426 |   126 ||  2581
Block: Other             |       |     2 |    43 |    28 |       |     9 |       |       ||    82
       Reflection        |       |       |     2 |     3 |    26 |    12 |    78 |    21 ||   142
       Buckler           |       |       |       |    67 |   450 |   612 |   431 |   121 ||  1681
       Rpst.: Double sword |       |       |       |       |       |    25 |    77 |    20 ||   122
